 Dungeon Crawl Stone Soup version 0.30-a0-881-g1ff12e1e11 (webtiles) character file.

Game seed: 4876518257469580295

464 Dittersdorf the Shield-Bearer (level 7, -9/44 HPs)
             Began as a Gargoyle Fighter on Mar 14, 2023.
             Mangled by an ogre
             ... wielding a +0 giant club
              (16 damage)
             ... on level 4 of the Dungeon.
             The game lasted 00:04:56 (2994 turns).

Dittersdorf the Shield-Bearer (Gargoyle Fighter)    Turns: 2994, Time: 00:04:57

Health: -9/44      AC: 16    Str: 27    XL:     7   Next: 8%
Magic:  7/7        EV: 10    Int:  9    God:
Gold:   131        SH:  5    Dex: 15    Spells: 6/6 levels left

rFire   . . .      SeeInvis +    a - +0 flail
rCold   . . .      Faith    .    c - +0 buckler
rNeg    + . .      Spirit   .    l - +3 ring mail of Dramatic Exits {rPois Str+6 SInv}
rPois   ∞          Reflect  .    p - +1 helmet
rElec   +          Rampage  .    (no cloak)
rCorr   .                        (no gloves)
Will    .....                    (no boots)
Stlth   +                        (no amulet)
HPRegen 0.27/turn                b - +6 ring of dexterity
MPRegen 0.10/turn                (no ring)

@: no status effects
A: sickness immunity, AC +4, negative energy resistance 1, electricity
resistance, torment resistance 1, petrification resistance
a: no special abilities


You were on level 4 of the Dungeon.
You visited 1 branch of the dungeon, and saw 4 of its levels.

You collected 131 gold pieces.

Inventory:

Hand Weapons
 a - a +0 flail (weapon)
Armour
 c - a +0 buckler (worn)
 l - the +3 ring mail of Dramatic Exits (worn) {rPois Str+6 SInv}
   (You found it on level 2 of the Dungeon)

   Str:       It affects your strength (+6).
   rPois:     It protects you from poison.
   SInv:      It lets you see invisible.
 p - a +1 helmet (worn)
Jewellery
 b - a +6 ring of dexterity (left hand)
Wands
 o - a wand of quicksilver (3)
Scrolls
 g - a scroll of fear
 h - 2 scrolls of identify
 n - a scroll of blinking
Potions
 d - 3 potions of might
 e - a potion of brilliance
 f - 2 potions of haste


   Skills:
 + Level 5.0 Fighting
 + Level 4.1 Maces & Flails
 + Level 5.0 Armour
 + Level 5.1 Shields


You had 6 spell levels left.
You didn't know any spells.
Your spell library was empty.

Dungeon Overview and Level Annotations

Branches:
Dungeon (4/15)
 Temple: D:4-7

Altars:

Annotations:
D:3 2 transporters


Innate Abilities, Weirdness & Mutations

You are immune to sickness and miasma.
Your stone body is resilient. (AC +4)
You are immune to poison.
You resist negative energy. (rN+)
You are resistant to electric shocks. (rElec)
You are resistant to unholy torment.
You are immune to petrification.


Message History

Found a stone staircase leading down.
An iguana comes into view.
The iguana hisses angrily.
You block the ogre's attack.
You sock the ogre!
The ogre is moderately wounded.
You barely miss the ogre.
The ogre is moderately wounded.
The ogre hits you with a +0 giant club!!
Ouch! That really hurt!
You are too injured to fight recklessly!
You are too injured to fight recklessly!
You are too injured to fight recklessly!
You are too injured to fight recklessly!
You are too injured to fight recklessly!
You are too injured to fight recklessly!
You are too injured to fight recklessly!
You are too injured to fight recklessly!
You are too injured to fight recklessly!
You are too injured to fight recklessly!
You are too injured to fight recklessly!
You are too injured to fight recklessly!
You are too injured to fight recklessly!
You are too injured to fight recklessly!
You are too injured to fight recklessly!
You are too injured to fight recklessly!
You are too injured to fight recklessly!
You are too injured to fight recklessly!
You barely miss the ogre.
The ogre is moderately wounded.
The ogre hits you with a +0 giant club!
* * * LOW HITPOINT WARNING * * *
You completely miss the ogre.
The ogre is moderately wounded.
You block the ogre's attack. You block the iguana's attack.
You sock the ogre!
The ogre is severely wounded.
The iguana bites you but does no damage.
The ogre hits you with a +0 giant club!
You die...

#........## ....#
........... ....>
....##...... .....# ...#
...... ...# ......#
#...# #.....###....##
#...Ol#......#
#....@.......## ..
...#......#.....# ...#
#.........##....##...#
##.....#...#.........##.
##..####............#..
#..# ###.............
#.. ##............ #.
##........... .
##..........


You could see an ogre and an iguana.

Vanquished Creatures
  Sigmund (D:3)
  An orc priest (D:3)
  A sleepcap (D:4)
  Natasha (thrice) (D:2)
  An orc wizard (D:3)
  5 adders
  2 dart slugs
  17 orcs
  9 bats
  7 endoplasms
  2 giant cockroaches
  3 goblins
  5 hobgoblins
  6 jackals
  4 quokkas
  7 ball pythons
  3 frilled lizards
  8 kobolds
  4 rats
  2 bushes (D:3)
91 creatures vanquished.

Vanquished Creatures (others)
  14 plants (D:3)
14 creatures vanquished.

Grand Total: 105 creatures vanquished

Notes
Turn   | Place    | Note
-------+----------+-------------------------------------------
     0 | D:1      | Dittersdorf the Gargoyle Fighter began the quest for the
                  | Orb.
     0 | D:1      | Reached XP level 1. HP: 14/14 MP: 1/1
   173 | D:1      | Reached XP level 2. HP: 18/19 MP: 2/2
   567 | D:1      | Reached XP level 3. HP: 23/23 MP: 3/3
  1222 | D:2      | Noticed Natasha
  1233 | D:2      | Killed Natasha
  1234 | D:2      | Reached XP level 4. HP: 7/29 MP: 4/4
  1285 | D:2      | Noticed Natasha
  1370 | D:2      | Identified the +3 ring mail of Dramatic Exits {rPois Str+6
                  | SInv}
  1400 | D:2      | Killed Natasha
  1432 | D:2      | Noticed Natasha
  1447 | D:2      | Killed Natasha
  1448 | D:2      | Reached XP level 5. HP: 15/33 MP: 5/5
  2036 | D:3      | Reached XP level 6. HP: 37/39 MP: 6/6
  2050 | D:3      | Found a transporter.
  2069 | D:3      | Found a transporter.
  2219 | D:3      | Noticed a kobold demonologist
  2620 | D:3      | Noticed Sigmund
  2630 | D:3      | Killed Sigmund
  2631 | D:3      | Reached skill level 5 in Armour
  2631 | D:3      | Reached skill level 5 in Shields
  2701 | D:3      | Reached skill level 5 in Fighting
  2738 | D:4      | Reached XP level 7. HP: 44/44 MP: 7/7
  2994 | D:4      | Mangled by an ogre

Illustrated notes

Levels and vault maps discovered:
D:1:      arrival_zaba_pyramid, layout_loops_ring
D:2:      layout_loops_ring, uniq_natasha
D:3:      gammafunk_wand_slinger, layout_rooms, grunt_ministairs_8,
          hex_intersection, chequers_serial_rivers_small_a,
          lexackson_kobold_supper, uniq_sigmund
D:4:      layout_layer_cave

Skill      XL: |  1  2  3  4  5  6 |
---------------+-------------------+-----
Shields        | 4 5 |  5.1
Fighting       | 4 5 |  5.0
Maces & Flails | 3 4 |  4.1
Armour         | 4 5 |  5.0

Action                     |  1- 3 |  4- 6 |  7- 9 || total
---------------------------+-------+-------+-------++-------
  Melee: Flail             |   178 |   251 |    21 ||   450
         Unarmed           |       |     7 |       ||     7
    Use: Scroll            |       |     2 |     8 ||    10
 Armour: Scale mail        |    24 |       |       ||    24
         Chain mail        |    99 |     3 |       ||   102
         Ring mail         |       |   113 |     4 ||   117
         Skin              |       |     2 |       ||     2
  Dodge: Dodged            |    76 |    84 |     5 ||   165
  Block: Buckler           |    51 |    55 |     7 ||   113

Table legend: (Time is in decaauts)
 A = Elapsed time spent in this place.
 B = Non-inter-level travel time spent in this place.
 C = Inter-level travel time spent in this place.
 D = Time resting spent in this place.
 E = Time spent auto-exploring this place.
 F = Levels seen in this place.
 G = Mean time per level.
                   A        B        C        D        E       F      G
               +--------+--------+--------+--------+--------+-----+--------+
         Total |   3134 |   3025 |    109 |    239 |   1788 |   4 |  783.5 |
       Dungeon |   3134 |   3025 |    109 |    239 |   1788 |   4 |  783.5 |
               +--------+--------+--------+--------+--------+-----+--------+

Top non-repeatable levels by time:
     D:3: 1093 daAuts
     D:1: 926 daAuts
     D:2: 863 daAuts
     D:4: 250 daAuts
